 Dungeon Crawl Stone Soup version 0.19.5 (webtiles) character file.

7744 Peloso the Carver (level 11, -7/94 HPs)
             Began as a Minotaur Fighter on May 9, 2017.
             Was a Priest of Okawaru.
             Killed by divine providence
             ... invoked by an orc priest
              (11 damage)
             ... on level 9 of the Dungeon.
             The game lasted 00:24:46 (9442 turns).

Peloso the Carver (Minotaur Fighter)                Turns: 9442, Time: 00:24:47

Health: -7/94      AC: 16    Str: 23    XL:     11   Next: 0%
Magic:  10/10      EV: 13    Int:  5    God:    Okawaru [***...]
Gold:   547        SH: 15    Dex: 18    Spells: 0 memorised, 10 levels left

rFire  + . .     SeeInvis .     a - +1 long sword
rCold  + . .     Gourm    .     q - +1 plate armour
rNeg   . . .     Faith    .     c - +0 shield
rPois  +         Spirit   .     (helmet restricted)
rElec  +         Reflect  +     (no cloak)
rCorr  +         Harm     .     D - +0 pair of gloves
MR     .....                    (no boots)
Stlth  ..........               G - +2 amulet of reflection
                                s - ring of poison resistance (curse)
                                m - +2 ring of dexterity

@: agile, resistant
A: retaliatory headbutt, fangs 1, horns 2
a: Heroism, Renounce Religion


You were on level 9 of the Dungeon.
You worshipped Okawaru.
Okawaru was most pleased with you.
You were not hungry.

You visited 2 branches of the dungeon, and saw 10 of its levels.

You collected 547 gold pieces.

Inventory:

Hand Weapons
 a - a +1 long sword (weapon)
 r - a +3 hand axe
Armour
 c - a +0 shield (worn)
 q - a +1 plate armour (worn)
 D - a +0 pair of gloves (worn)
Jewellery
 d - an uncursed ring of resist corrosion
 m - a +2 ring of dexterity (left hand)
 s - a cursed ring of poison resistance (right hand)
 G - a +2 amulet of reflection (around neck)
Wands
 b - a wand of iceblast (6/15)
 e - a wand of slowing (19/48)
 j - a wand of teleportation (2/9)
 u - a wand of disintegration (13/24)
 F - a wand of flame (18/48)
Scrolls
 g - a scroll of amnesia
 k - 2 scrolls of remove curse
 l - 3 scrolls of enchant armour
 n - 2 scrolls of magic mapping
 o - a scroll of enchant weapon
 y - a scroll of vulnerability {unknown}
 C - a scroll of recharging
 I - 3 scrolls of fog
 J - a scroll of identify
Potions
 i - a potion of haste
 p - a potion of invisibility
 v - 3 potions of mutation
 w - a potion of brilliance {unknown}
 z - a potion of resistance
 B - a potion of magic {unknown}
 E - 2 potions of ambrosia
Books
 t - a book of Misfortune

   Spells                             Type                      Level
   a - Confusing Touch                Hexes                        1
   b - Confuse                        Hexes                        3
   c - Gell's Gravitas                Hexes/Translocation          3
   d - Petrify                        Transmutation/Earth          4
   e - Metabolic Englaciation         Hexes/Ice                    5
   f - Yara's Violent Unravelling     Hexes/Transmutation          5
Comestibles
 f - 15 bread rations
 h - 4 meat rations
 x - a beef jerky
 H - 9 chunks of flesh


   Skills:
 + Level 8.1 Fighting
 + Level 12.1 Long Blades
 + Level 9.7 Armour
 + Level 2.4 Dodging
 + Level 1.4 Stealth
 + Level 11.1 Shields
 + Level 0.6 Invocations
 + Level 0.3 Evocations


You had 10 spell levels left.
You didn't know any spells.

Dungeon Overview and Level Annotations

Branches:
Dungeon (9/15)             Temple (1/1) D:7
   Lair: D:8-11         Orc: D:9-12

Altars:
Ashenzari
Cheibriados
Elyvilon
Fedhas
Makhleb
Nemelex Xobeh
Okawaru
Ru
Sif Muna
Vehumet
Xom
Yredelemnul
The Shining One

Shops:
D:4 }   D:5 (   D:8 (

Annotations:
D:9 1 runed door


Innate Abilities, Weirdness & Mutations

You reflexively headbutt those who attack you in melee.
You have a pair of horns on your head.
You have very sharp teeth.


Message History

The bolt of electricity hits you! You resist.
* * * LOW HITPOINT WARNING * * *
The yak bellows!
You block the orc warrior's attack.
The electric eel shoots out a bolt of lightning at you!
The bolt of electricity hits you! You resist.
* * * LOW HITPOINT WARNING * * *
You closely miss the orc warrior. Your bite misses the orc warrior.
The orc warrior closely misses you.
You riposte.
You hit the orc warrior but do no damage.
Your headbutt misses the orc warrior.
You bite the orc warrior, but do no damage.
The electric eel shoots out a bolt of lightning at you!
The bolt of electricity hits you! You resist.
* * * LOW HITPOINT WARNING * * *
You hit the orc warrior. Your bite misses the orc warrior.
The orc warrior is lightly wounded.
The orc priest invokes the aid of Beogh against you.
Beogh smites you!
You die...

♣≈≈a≈≈♣ #≈P;≈≈♣
##♣≈♣♣♣ #.♣♣ #.#
#.# #.# #..##.#
.... #..##@#
..... #..##o#
.....
#..##Y##.....
#..##oo......
#.###..##Y.......
#......##........
#......Y†.†#
#.###..##..#
#..##..#


You could see 2 yaks, an orc warrior, an electric eel, an orc priest and an orc.

Vanquished Creatures
  2 orc knights (D:8)
  Grinder (D:5)
  A spriggan (D:7)
  A wyvern (D:8)
  8 yaks (D:9)
  13 wargs (D:8)
  Edmund (D:6)
  Duvessa (D:5)
  5 orc warriors (D:8)
  6 sky beasts
  A black bear (D:8)
  A phantom (D:6)
  2 ogres
  2 centaurs
  3 bullfrogs
  Dowan (D:5)
  2 scorpions (D:7)
  2 electric eels (D:8)
  A bullfrog zombie (D:6)
  A crimson imp (D:6)
  A centaur zombie (D:7)
  A centaur skeleton (D:7)
  4 hounds
  6 orc priests
  2 jellies
  4 orc wizards (D:5)
  Ijyb (D:3)
  3 bullfrog skeletons
  3 iguanas
  8 worker ants
  A hound skeleton (D:5)
  Robin (D:3)
  A worker ant zombie (D:5)
  3 gnolls (D:3)
  A howler monkey skeleton (D:8)
  10 adders
  A shadow imp (D:6)
  An adder skeleton (D:4)
  5 worms
  4 dart slugs (D:2)
  5 leopard geckos
  56 orcs
  2 giant cockroaches
  15 goblins
  14 hobgoblins
  11 jackals
  4 quokkas
  A ball python (D:1)
  8 bats
  6 frilled lizards
  A goblin skeleton (D:8)
  4 kobolds
  A kobold skeleton (D:8)
  5 rats
  A spectral orc (D:6)
250 creatures vanquished.

Vanquished Creatures (others)
  5 dream sheep (D:4)
  Sigmund (D:5)
  A human (D:8)
7 creatures vanquished.

Grand Total: 257 creatures vanquished

Notes
Turn   | Place    | Note
-------+----------+-------------------------------------------
     0 | D:1      | Peloso the Minotaur Fighter began the quest for the Orb.
     0 | D:1      | Reached XP level 1. HP: 19/19 MP: 0/0
    89 | D:1      | Reached XP level 2. HP: 19/27 MP: 1/1
   966 | D:2      | Reached XP level 3. HP: 31/33 MP: 2/2
  1167 | D:2      | Reached skill level 3 in Long Blades
  1598 | D:3      | Reached XP level 4. HP: 40/40 MP: 3/3
  1753 | D:3      | Noticed Ijyb
  1763 | D:3      | Noticed Robin
  1770 | D:3      | Killed Ijyb
  1790 | D:3      | Killed Robin
  1913 | D:3      | Reached XP level 5. HP: 37/46 MP: 4/4
  2099 | D:3      | Reached skill level 5 in Shields
  2117 | D:3      | Reached skill level 4 in Long Blades
  2380 | D:4      | Reached skill level 5 in Armour
  2400 | D:4      | Reached XP level 6. HP: 52/52 MP: 5/5
  3044 | D:4      | Found Naqum's Gadget Emporium.
  3110 | D:4      | Found a shimmering altar of Xom.
  3110 | D:4      | Noticed a dream sheep
  3110 | D:4      | Noticed a dream sheep
  3110 | D:4      | Noticed a dream sheep
  3110 | D:4      | Noticed a dream sheep
  3110 | D:4      | Noticed a dream sheep
  3115 | D:4      | Killed a dream sheep
  3115 | D:4      | Killed a dream sheep
  3115 | D:4      | Killed a dream sheep
  3115 | D:4      | Killed a dream sheep
  3118 | D:4      | Killed a dream sheep
  3402 | D:5      | Entered Level 5 of the Dungeon
  3454 | D:5      | Reached skill level 5 in Long Blades
  3464 | D:5      | Noticed Grinder
  3474 | D:5      | Killed Grinder
  3474 | D:5      | Reached XP level 7. HP: 36/60 MP: 6/6
  3477 | D:5      | Reached skill level 1 in Dodging
  3507 | D:5      | Found Kessuej's Antique Weapon Emporium.
  3849 | D:5      | Reached skill level 5 in Fighting
  3849 | D:5      | Reached skill level 6 in Long Blades
  3939 | D:5      | Noticed Duvessa
  3942 | D:5      | Noticed Dowan
  3949 | D:5      | Killed Duvessa
  3949 | D:5      | Reached XP level 8. HP: 67/68 MP: 7/7
  3976 | D:5      | Killed Dowan
  4033 | D:5      | Noticed Sigmund
  4062 | D:5      | Killed Sigmund
  4062 | D:5      | Reached skill level 7 in Long Blades
  4276 | D:5      | Found a shimmering altar of Xom.
  4458 | D:6      | Found a white marble altar of Elyvilon.
  4545 | D:6      | Found a sparkling altar of Nemelex Xobeh.
  4655 | D:6      | Found a basalt altar of Yredelemnul.
  4718 | D:6      | Noticed Edmund
  4737 | D:6      | Killed Edmund
  4749 | D:6      | Found a blossoming altar of Fedhas.
  4803 | D:6      | Reached skill level 8 in Long Blades
  4914 | D:6      | Found a deep blue altar of Sif Muna.
  4914 | D:6      | Found a shattered altar of Ashenzari.
  4984 | D:6      | Reached skill level 1 in Stealth
  5000 | D:6      | Found a shimmering altar of Xom.
  5001 | D:6      | Found a burning altar of Makhleb.
  5360 | D:7      | Reached XP level 9. HP: 69/75 MP: 8/8
  5874 | D:7      | Reached skill level 9 in Long Blades
  5956 | D:7      | Found a staircase to the Ecumenical Temple.
  6016 | Temple   | Entered the Ecumenical Temple
  6044 | Temple   | Became a worshipper of Warmaster Okawaru
  6391 | D:7      | Found a glowing golden altar of the Shining One.
  6751 | D:8      | Found a runed door.
  6755 | D:8      | Found a basalt altar of Yredelemnul.
  7261 | D:8      | Found Kahuc's Antique Weapon Boutique.
  7467 | D:8      | Reached * piety under Okawaru
  7527 | D:8      | Reached skill level 10 in Long Blades
  7548 | D:8      | Reached XP level 10. HP: 25/84 MP: 9/9
  7557 | D:8      | Reached skill level 10 in Shields
  7991 | D:8      | Reached ** piety under Okawaru
  8069 | D:8      | Reached skill level 11 in Long Blades
  8542 | D:8      | Noticed an orc knight
  8554 | D:8      | Killed an orc knight
  8693 | D:8      | Noticed an orc knight
  8706 | D:8      | Killed an orc knight
  9212 | D:9      | Found a radiant altar of Vehumet.
  9266 | D:9      | Noticed a sixfirhy
  9267 | D:9      | Found a runed door.
  9316 | D:9      | Reached *** piety under Okawaru
  9329 | D:9      | Reached skill level 12 in Long Blades
  9428 | D:9      | Reached XP level 11. HP: 21/94 MP: 10/10
  9431 | D:9      | HP: 4/94 [electric eel/bolt of electricity (4)]
  9435 | D:9      | Gained mutation: You have very sharp teeth. [potion of mutation]
  9435 | D:9      | Gained mutation: Armour fits poorly on your strangely shaped body. [potion of mutation]
  9435 | D:9      | Lost mutation: Armour fits poorly on your strangely shaped body. [potion of mutation]
  9440 | D:9      | HP: 4/94 [electric eel/bolt of electricity (4)]
  9442 | D:9      | Killed from afar by an orc priest

Skill      XL: |  1  2  3  4  5  6  7  8  9 10 |
---------------+-------------------------------+-----
Shields        | 4 5 6 7 8 9 11 | 11.1
Armour         | 4 5 6 7 8 9 |  9.7
Long Blades    | 3 4 5 6 8 10 12 | 12.1
Fighting       | 4 5 6 8 |  8.1
Dodging        | 1 2 |  2.4
Stealth        | 1 |  1.4
Invocations    | |  0.6
Evocations     | |  0.3

Action                   |  1- 3 |  4- 6 |  7- 9 | 10-12 || total
-------------------------+-------+-------+-------+-------++-------
Melee: Long sword        |   113 |   187 |   352 |   275 ||   927
       Headbutt          |    14 |    43 |   112 |    67 ||   236
       Bite              |       |       |       |     1 ||     1
Invok: Heroism           |       |       |     1 |     5 ||     6
Evoke: Wand              |       |       |     2 |     1 ||     3
  Use: Scroll            |       |    13 |     5 |     1 ||    19
       Potion            |       |     2 |     1 |     5 ||     8
 Stab: Invisible         |       |       |     2 |       ||     2
  Eat: Chunk             |     2 |     7 |    12 |     6 ||    27
       Pizza             |       |       |     1 |       ||     1
Armor: Scale mail        |    43 |       |       |       ||    43
       Plate armour      |    27 |   106 |   141 |    54 ||   328
Dodge: Dodged            |    29 |    41 |    70 |    33 ||   173
Block: Shield            |    72 |   121 |   191 |   140 ||   524
       Reflection        |       |       |       |     9 ||     9
       Rpst.: Long sword |     7 |     6 |    23 |     8 ||    44
